AoeStats
← [CL]Jigsaw

MegaRandom

506222706Analyzed
4v4 RM · 19d ago on Sep 12, 2026· 40m 46s· 8 players
Game mode
Random Map
Map size
Large (8 player)
Population
200
Speed
Normal
Resources
Standard
Victory
Conquest
Starting age
Dark Age
Ending age
Imperial Age
RankedLock teamsTeams togetherTeam positionsShared explorationLock speedFull tech treeHidden civsTurbo modeCheats
Victory
Defeat
🇭🇰 Poles · Hong Kong SAR China
1354
+13
🇺🇸 Persians · United States
1335
+14
🇨🇱 Italians · Chile
1259
+17
🇺🇸 Spanish · United States
1226
+18
🇸🇪 Portuguese · Sweden
1326
-17
🇺🇸 Armenians · United States
1305
-16
🇫🇷 Vietnamese · France
1279
-15
🇲🇽 Chinese · Mexico
1244
-14
Sweet vendeta
0:26 Loom
11:10 Feudal Age
11:42 Double-Bit Axe
17:55 Castle Age
16:17 Horse Collar
19:11 Fletching
20:06 Town Watch
26:44 Town Patrol
33:00 Imperial Age
32:07 Bow Saw
31:57 Bodkin Arrow
32:03 Padded Archer Armor
33:46 Wheelbarrow
34:02 Bracer
34:33 Hand Cart
34:21 Murder Holes
34:48 Ballistics
36:59 Leather Archer Armor
38:50 Chemistry
Tishomingo
5:34 Loom
10:07 Feudal Age
10:37 Double-Bit Axe
10:48 Man-at-Arms
13:42 Long Swordsman
16:32 Wheelbarrow
18:53 Horse Collar
21:01 Fletching
21:53 Arson
22:32 Gold Mining
26:39 Castle Age
25:32 Padded Archer Armor
26:40 Scale Mail Armor
26:51 Crossbowman
27:54 Bodkin Arrow
28:05 Two-Handed Swordsman
31:01 Chain Mail Armor
31:42 Ballistics
32:21 Forging
32:55 Pikeman
IBdaBossuDeNotreDame
9:19 Feudal Age
9:44 Horse Collar
11:54 Double-Bit Axe
13:29 Loom
16:22 Town Watch
17:33 Wheelbarrow
19:53 Castle Age
21:48 Bow Saw
28:32 Fletching
33:18 Caravan
33:48 Coinage
34:29 Bodkin Arrow
34:48 Heavy Plow
37:00 Squires
Squirrel of DEATH
9:13 Feudal Age
7:32 Loom
9:50 Horse Collar
9:56 Double-Bit Axe
13:09 Wheelbarrow
16:48 Castle Age
15:59 Bloodlines
16:42 Scale Barding Armor
17:05 Forging
20:51 Husbandry
26:28 Chain Barding Armor
35:10 Imperial Age
33:45 Heavy Plow
35:20 Stone Mining
35:21 Gold Mining
35:43 Bow Saw
36:50 Plate Barding Armor
35:47 Cavalier
38:11 Conscription
WhY.So.SeRiOuS
9:42 Feudal Age
9:21 Loom
10:28 Double-Bit Axe
16:03 Forging
20:09 Castle Age
18:17 Scale Barding Armor
18:24 Gold Mining
19:39 Bloodlines
21:16 Iron Casting
26:09 Bow Saw
26:33 Horse Collar
27:39 Wheelbarrow
30:19 Heavy Plow
34:22 Imperial Age
33:20 Chain Barding Armor
34:17 Husbandry
34:06 Cavalier
36:19 Plate Barding Armor
37:00 Hand Cart
39:42 Savar
Soaking Dill
10:40 Feudal Age
9:58 Loom
15:19 Castle Age
15:13 Double-Bit Axe
16:23 Bow Saw
17:50 Horse Collar
20:13 Padded Archer Armor
20:04 Stone Mining
20:07 Gold Mining
25:51 Wheelbarrow
26:27 Leather Archer Armor
28:05 Hand Cart
27:35 Town Watch
33:08 Imperial Age
33:35 Husbandry
34:10 Heavy Plow
34:18 Elite Conquistador
34:54 Fletching
36:15 Bodkin Arrow
37:08 Bloodlines
37:31 Ring Archer Armor
[CL]Jigsaw
0:52 Loom
10:09 Feudal Age
16:23 Fletching
21:28 Castle Age
21:38 Padded Archer Armor
21:59 Town Watch
26:52 Crossbowman
39:14 Wheelbarrow
40:08 Bodkin Arrow
明月清风
6:56 Loom
9:31 Feudal Age
10:40 Double-Bit Axe
11:32 Horse Collar
16:35 Forging
21:29 Castle Age
19:39 Gold Mining
20:14 Bloodlines
20:43 Scale Barding Armor
24:09 Szlachta Privileges
25:10 Husbandry
29:43 Chain Barding Armor
31:29 Wheelbarrow
31:05 Bow Saw
31:40 Iron Casting
Connection lost

Rejoining the realm…

Still unreachable

The connection could not be restored.

Session expired

The server has moved on; the page needs a fresh start.